 Dungeon Crawl Stone Soup version 0.26.1-11-gd32895ea62 (webtiles) character file.

Game seed: 18017758691332165325

2254 Almogavar the Carver (level 9, -6/71 HPs)
             Began as a Barachi Fighter on May 4, 2021.
             Was a Follower of Makhleb.
             Mangled by a polar bear (18 damage)
             ... on level 8 of the Dungeon.
             The game lasted 00:24:42 (7642 turns).

Almogavar the Carver (Barachi Fighter)              Turns: 7642, Time: 00:24:43

Health: -6/71      AC: 16    Str: 22    XL:     9   Next: 37%
Magic:  0/9        EV:  7    Int:  8    God:    Makhleb [*.....]
Gold:   480        SH: 11    Dex: 11    Spells: 8/8 levels left

rFire    . . .     SeeInvis +   E - +2 falchion
rCold    . . .     Faith    .   c - +0 kite shield
rNeg     . . .     Spirit   +   m - +0 chain mail
rPois    .         Reflect  .   p - +0 helmet
rElec    .         Harm     .   o - +0 cloak
rCorr    .         Rampage  .   i - +2 pair of gloves
Will     .....                  (no boots)
Stlth    ..........             C - amulet of guardian spirit
HPRegen  0.21/turn              J - ring of flight
MPRegen  0.11/turn              w - ring of see invisible

@: slow
A: +LOS, swims, slowness 1, strong legs 1
a: Hop, Renounce Religion, Evoke Flight


You were on level 8 of the Dungeon.
You worshipped Makhleb.
Makhleb was aware of your devotion.
You visited 2 branches of the dungeon, and saw 9 of its levels.
You also visited: Sewer.

You collected 480 gold pieces.

Inventory:

Hand Weapons
 n - a +0 hand crossbow
 D - the +1 whip of Fee Simple {vorpal, rC+ Will+}
   (You found it on level 6 of the Dungeon)

   It inflicts extra damage upon your enemies.
   It protects you from cold.
   It affects your willpower, your defense against some magical effects.
 E - a +2 falchion (weapon)
 H - the +1 spear of the Howling Tiger {drain, *Noise rC++, unknown}
   (You found it on level 7 of the Dungeon)

   A truly terrible weapon, it drains the life of those it strikes.
   It greatly protects you from cold.
   It may make noises in combat.
Missiles
 f - 36 bolts
 l - 95 stones
 t - 10 sling bullets
Armour
 c - a +0 kite shield (worn)
 i - a +2 pair of gloves (worn)
 m - a +0 chain mail (worn)
 o - a +0 cloak (worn)
 p - a +0 helmet (worn)
Jewellery
 v - an uncursed ring of fire
 w - a ring of see invisible (right hand)
 C - an amulet of guardian spirit (around neck)
 J - a ring of flight (left hand)
Wands
 G - a wand of polymorph (7)
Scrolls
 e - 5 scrolls of teleportation
 g - 3 scrolls of amnesia
 s - a scroll of enchant armour
 x - 5 scrolls of fear
 y - a scroll of fog {unknown}
 I - a scroll of enchant weapon {unknown}
Potions
 b - a potion of lignification
 d - a potion of might
 h - 4 potions of heal wounds
 j - 4 potions of brilliance
 k - 3 potions of flight
 q - a potion of resistance {unknown}
 r - 2 potions of magic {unknown}
 z - 3 potions of curing
 A - a potion of cancellation {unknown}
 B - a potion of invisibility {unknown}
 F - a potion of mutation {unknown}


   Skills:
 + Level 6.7 Fighting
 + Level 9.0 Long Blades
 + Level 1.7 Crossbows
 + Level 7.1 Armour
 + Level 2.6 Dodging
 + Level 7.3 Shields


You had 8 spell levels left.
You didn't know any spells.
Your spell library contained the following spells:

 Spells                   Type           Power        Failure   Level
 Apportation              Tloc           0%           100%        1
 Lesser Beckoning         Tloc           0%           100%        3
 Tukima's Dance           Hex            0%           100%        3
 Alistair's Intoxication  Tmut/Pois      0%           100%        5
 Invisibility             Hex            0%           100%        6


Dungeon Overview and Level Annotations

Branches:
Dungeon (8/15)             Temple (1/1) D:5           Sewer (visited)
   Lair: D:8-11

Altars:
Elyvilon
Gozag
Hepliaklqana
Makhleb
Nemelex Xobeh
Qazlal
Trog
Uskayaw
Xom

Shops:
D:4 [   D:7 (*(=


Innate Abilities, Weirdness & Mutations

You can be seen from farther away. (+LOS)
You can swim through water.
You cover ground slowly.
You can hop short distances.


Message History

The polar bear claws you but does no damage.
You block the polar bear's attack.
The polar bear claws you but does no damage.
You block the polar bear's attack.
You hit the polar bear but do no damage.
The polar bear is almost dead.
You block the polar bear's attack.
The polar bear claws you but does no damage. x2
Unknown command.
You hit the polar bear but do no damage.
The polar bear is almost dead.
The polar bear bites you but does no damage.
The polar bear claws you but does no damage.
The polar bear claws you.
* * * LOW HITPOINT WARNING * * *
The polar bear barely misses you. You block the polar bear's attack. x2
You slash the polar bear!
The polar bear is almost dead.
The polar bear bites you!!
You die...

...........##
............# .
......>.....# ..(
............# ..∩.
............# #####..(..
...........# ##.........
...........# ##.@h(......
..........## #.<.........
...........###...........
........###..†#..........
.......## ####...........
##....## ##..........
#..#### ##......... ..##
#......... ..# ##........


You could see a polar bear (berserk).

Vanquished Creatures
  Prince Ribbit (D:7)
  Duvessa (D:4)
  Purgy (Sewer)
  2 orc warriors
  A sky beast (D:5)
  2 ice beasts
  A phantom (D:7)
  An ogre (D:8)
  A big kobold (D:7)
  A wyvern zombie (D:8)
  A bullfrog (D:7)
  Dowan (D:4)
  2 scorpions
  3 wights (D:6)
  A bullfrog zombie (D:7)
  2 hounds (D:6)
  A jelly (D:5)
  3 orc priests
  Crazy Yiuf (D:2)
  4 orc wizards
  2 bullfrog skeletons (D:6)
  An iguana (D:7)
  2 worker ants
  A howler monkey skeleton (D:4)
  8 adders
  3 gnolls (D:5)
  2 white imps
  2 ufetubi (D:8)
  An adder skeleton (D:6)
  6 worms
  2 dart slugs (D:1)
  4 leopard geckos
  14 orcs
  6 ball pythons
  8 giant cockroaches
  6 goblins
  12 hobgoblins
  9 jackals
  15 kobolds
  4 quokkas
  4 bats
  10 frilled lizards
  A jackal zombie (D:7)
  2 leopard gecko skeletons (D:4)
  10 rats
166 creatures vanquished.

Notes
Turn   | Place    | Note
-------+----------+-------------------------------------------
     0 | D:1      | Almogavar the Barachi Fighter began the quest for the Orb.
     0 | D:1      | Reached XP level 1. HP: 18/18 MP: 1/1
   110 | D:1      | Reached XP level 2. HP: 23/25 MP: 2/2
   532 | D:1      | Reached XP level 3. HP: 30/30 MP: 3/3
  1163 | D:2      | Reached skill level 3 in Long Blades
  1346 | D:2      | Reached XP level 4. HP: 38/38 MP: 4/4
  1578 | D:2      | Noticed a moth of wrath
  1579 | D:2      | Found a bloodstained altar of Trog.
  1766 | D:2      | Found a shimmering altar of Xom.
  1767 | D:2      | Found a hazy altar of Hepliaklqana.
  1768 | D:2      | Noticed a spectral ugly thing
  1958 | D:2      | Found a runed translucent door.
  1959 | D:2      | Noticed Crazy Yiuf
  2086 | D:2      | Killed Crazy Yiuf
  2146 | D:3      | Reached XP level 5. HP: 43/43 MP: 5/5
  2163 | D:3      | Reached skill level 1 in Dodging
  2347 | D:3      | Reached skill level 4 in Long Blades
  2890 | D:4      | Found Lykkom's Armour Shop.
  2982 | D:4      | Found a glowing drain.
  3008 | Sewer    | Entered a sewer
  3042 | Sewer    | Noticed Purgy
  3079 | Sewer    | Killed Purgy
  3080 | Sewer    | Reached XP level 6. HP: 24/50 MP: 6/6
  3645 | D:4      | Noticed Dowan
  3645 | D:4      | Noticed Duvessa
  3668 | D:4      | Killed Dowan
  3669 | D:4      | Reached skill level 5 in Fighting
  3700 | D:4      | Killed Duvessa
  3701 | D:4      | Reached skill level 5 in Long Blades
  3701 | D:4      | Reached skill level 5 in Armour
  3701 | D:4      | Reached skill level 5 in Shields
  3701 | D:4      | Reached XP level 7. HP: 48/56 MP: 7/7
  4073 | D:5      | Entered Level 5 of the Dungeon
  4075 | D:5      | Found a white marble altar of Elyvilon.
  4211 | D:5      | Reached skill level 6 in Long Blades
  4515 | D:5      | Found a staircase to the Ecumenical Temple.
  4529 | Temple   | Entered the Ecumenical Temple
  4557 | Temple   | Became a worshipper of Makhleb the Destroyer
  5187 | D:5      | Reached XP level 8. HP: 63/63 MP: 8/8
  5395 | D:6      | Reached skill level 7 in Long Blades
  5787 | D:6      | Got an ichor-stained whip
  5788 | D:6      | Identified the +1 whip of Fee Simple {vorpal, rC+ Will+}
                  | (You found it on level 6 of the Dungeon)
  5811 | D:6      | Found a hide-covered altar of Uskayaw.
  5879 | D:6      | Found an opulent altar of Gozag.
  6111 | D:7      | Found Sisummes's Assorted Antiques.
  6274 | D:7      | Reached skill level 8 in Long Blades
  6296 | D:7      | Found Sivyc's Jewellery Shoppe.
  6333 | D:7      | Reached * piety under Makhleb
  6430 | D:7      | Got a smoking spear
  6441 | D:7      | Found Qecutego's Antique Weapon Boutique.
  6454 | D:7      | Reached XP level 9. HP: 70/70 MP: 9/9
  6551 | D:7      | Noticed Prince Ribbit
  6564 | D:7      | Killed Prince Ribbit
  6926 | D:7      | Found Ruamm's Weapon Shoppe.
  7113 | D:8      | Reached skill level 1 in Crossbows
  7488 | D:8      | Reached skill level 9 in Long Blades
  7618 | D:8      | Noticed a polar bear
  7642 | D:8      | Mangled by a polar bear

Illustrated notes

Levels and vault maps discovered:
D:1:      dpeg_arrival_round_c, layout_basic, minmay_octomino_c4
D:2:      layout_loops_cross, regret_index_temple_of_mockery, tgw_trog,
          uniq_crazy_yiuf_cottage
D:3:      layout_loops_ring
D:4:      layout_loops_ring, cheibrodos_sewer_entry_drain, serial_shops,
          shop_fountains, uniq_duvessa
D:5:      layout_cave_pools, minmay_temple_entry_glass, serial_park,
          nrook_campfire, elyvilon_altar_5
D:6:      layout_rooms, eat_drink_and_be_merry_uskayaw, basic_altar
D:7:      layout_rooms, serial_shops, nicolae_shop_trees,
          nicolae_shop_competitors_out_of_business, shop, kennysheep_mini_moat,
          uniq_prince_ribbit1
D:8:      layout_cave_pods, old_standard_altar, serial_ice, serial_ice_j,
          serial_ice_a, serial_ice_e, serial_ice_o
Temple:   eino_temple_scatter_basement

Skill      XL: |  1  2  3  4  5  6  7  8  9 |
---------------+----------------------------+-----
Fighting       | 4 5 6 |  6.7
Long Blades    | 3 4 5 6 8 9 |  9.0
Armour         | 4 5 6 7 |  7.1
Shields        | 4 5 6 7 |  7.3
Dodging        | 1 2 |  2.6
Crossbows      | 1 |  1.7

Action                   |  1- 3 |  4- 6 |  7- 9 || total
-------------------------+-------+-------+-------++-------
Melee: Long sword        |    99 |   240 |   219 ||   558
       Falchion          |       |       |   222 ||   222
 Fire: Hand crossbow     |       |       |    16 ||    16
  Use: Scroll            |     3 |     7 |     6 ||    16
       Potion            |       |       |     2 ||     2
Armor: Scale mail        |    44 |    17 |       ||    61
       Chain mail        |       |   154 |   244 ||   398
Dodge: Dodged            |    43 |    74 |   119 ||   236
Block: Kite shield       |    39 |   131 |   266 ||   436
       Rpst.: Long sword |    10 |    21 |    22 ||    53
       Falchion          |       |       |    13 ||    13
